 Dungeon Crawl Stone Soup version 0.28.0-45-g0d030f2227 (webtiles) character file.

Game seed: 8122135580146717617

452 101zpm the Magician (level 7, -7/47 HPs)
             Began as a Djinni Hedge Wizard on Apr 11, 2022.
             Killed by divine providence
             ... invoked by an orc priest
              (14 damage)
             ... on level 4 of the Dungeon.
             The game lasted 00:16:05 (6536 turns).

101zpm the Magician (Djinni Hedge Wizard)           Turns: 6536, Time: 00:16:06

Health: -7/47      AC:  4    Str:  9    XL:     7   Next: 26%
Gold:   192        EV: 13    Int: 18    God:
                   SH:  0    Dex: 12

rFire   + + .      SeeInvis .   k - +1 mace (holy)
rCold   x . .      Faith    .   (no shield)
rNeg    . . .      Spirit   .   o - +1 robe of Defiance {Stlth+}
rPois   ∞          Reflect  .   g - +0 helmet
rElec   .          Harm     .   (no cloak)
rCorr   .          Rampage  .   (no gloves)
Will    .....                   (boots unavailable)
Stlth   +++.......              (no amulet)
HPRegen 0.15/turn               (no ring)
MPRegen 0.00/turn               (no ring)

@: flying
A: sickness immunity, fire resistance 2, cold vulnerability 1, float, innate
caster, HP casting, extra vitality 1
a: no special abilities


You were on level 4 of the Dungeon.
You visited 1 branch of the dungeon, and saw 4 of its levels.

You collected 192 gold pieces.

Inventory:

Hand Weapons
 a - a +0 dagger
 k - a +1 mace of holy wrath (weapon)
Missiles
 r - 11 poisoned darts
Armour
 b - a +0 robe
 c - a +0 hat
 g - a +0 helmet (worn)
 o - the +1 robe of Defiance (worn) {Stlth+}
   (You found it on level 3 of the Dungeon)

   Stlth:     It makes you more stealthy.
Magical Staves
 d - a staff of fire
 m - a staff of air
Jewellery
 l - a ring of wizardry
Scrolls
 e - a scroll of fear {unknown}
 f - a scroll of vulnerability {unknown}
 h - a scroll of holy word {unknown}
 n - a scroll of enchant armour {unknown}
 p - 2 scrolls of identify {unknown}
Potions
 i - a potion of magic {unknown}
 j - a potion of might {unknown}
 q - a potion of brilliance {unknown}
 s - a potion of invisibility {unknown}


   Skills:
 + Level 1.2 Fighting
 + Level 0.7(0.8) Maces & Flails
 + Level 0.3(0.7) Staves
 + Level 3.4 Dodging
 + Level 2.4 Stealth
 + Level 5.0 Spellcasting


You couldn't memorise any spells.
You knew the following spells:

 Your Spells              Type           Power      Damage    Failure   Level
a - Magic Dart            Conj           88%        1d7       1%          1
b - Blink                 Tloc           44%        N/A       2%          2
c - Call Imp              Summ           22%        N/A       2%          2
d - Slow                  Hex            88%        N/A       1%          1
e - Conjure Flame         Conj/Fire      22%        6-21      4%          3
f - Mephitic Cloud        Conj/Pois/Air  22%        N/A       4%          3
g - Summon Small Mammal   Summ           88%        N/A       1%          1
h - Corpse Rot            Necr/Air       44%        N/A       2%          2
i - Scorch                Fire           44%        2d7       2%          2
Your spell library was empty.

Dungeon Overview and Level Annotations

Branches:
Dungeon (4/15)             Temple (0/1) D:4

Altars:

Shops:
D:1 [


Innate Abilities, Weirdness & Mutations

You are immune to sickness and miasma.
You are immune to poison.
Your flesh is very heat resistant. (rF++)
You are vulnerable to cold. (rC-)
You float through the air rather than walking.
You learn spells naturally, not from books.
Your magical power is your life essence.
You have superior vitality. (+4 MHP)


Message History

Confirm with . or Enter, or press ? or * to list all spells.
Aiming: Mephitic Cloud (dangerous; 4% risk of failure)
Press: ? - help, Shift-Dir - straight line, f - orc, p - orc wizard
Aim: an orc, wielding a +0 club (chance to affect: 96%)
The ball explodes into a vile cloud!
The stinking cloud engulfs the orc but does no damage.
The stinking cloud engulfs the orc wizard but does no damage.
The orc wizard is heavily wounded.
* * * LOW HITPOINT WARNING * * *
The orc is engulfed in noxious fumes.
The orc appears confused.
Your crimson imp blinks!
The orc is engulfed in noxious fumes.
The orc appears confused.
The orc barely misses the orc wizard.
The orc priest hits your rat with a +0 dagger.
Your rat dies!
Your rat's corpse disappears in a puff of smoke!
The orc wizard is engulfed in noxious fumes.
The orc wizard appears confused.
The orc is engulfed in noxious fumes.
The orc appears confused.
The orc wizard is engulfed in noxious fumes.
The orc wizard appears confused.
The orc wizard hits the orc with a +0 dagger of speed.
Casting: Mephitic Cloud (dangerous; 4% risk of failure)
Confirm with . or Enter, or press ? or * to list all spells.
Aiming: Mephitic Cloud (dangerous; 4% risk of failure)
Press: ? - help, Shift-Dir - straight line, p - orc The ball explodes into a vile cloud!
The stinking cloud engulfs the orc priest but does no damage.
The stinking cloud engulfs the orc wizard but does no damage.
The orc wizard is heavily wounded.
The stinking cloud engulfs the orc but does no damage.
The orc is severely wounded.
* * * LOW HITPOINT WARNING * * *
Your crimson imp disappears in a puff of smoke!
The orc wizard is engulfed in noxious fumes.
The orc is engulfed in noxious fumes.
The orc appears confused.
The orc wizard is engulfed in noxious fumes.
The orc priest invokes the aid of Beogh against you.
Beogh smites you!
You die...

#...............#
###....#######.o○# #####
.##########.##.○○#######...##
........#....o☼°○#....#.....#
........#........#....#.....#
........#......o.#....#.....#
....<...#........#....#.....#
........#........#....#.....#
...))...#.......@#...>#.....#
..).....#........#....#.....#
#......##...####.##'####..#######
#......#########.##.####..###....
..............'......#..........#
..............#......#..........#
......)......^#...(..#..........#
#....####.##..###...##....###..##
#....####.#######...#####'###..##


You could see an orc priest, an orc wizard (confused) and an orc (confused).

Vanquished Creatures
  An ogre (D:4)
  A hound (D:3)
  A gnoll (D:4)
  4 adders
  2 worms
  2 dart slugs
  3 orcs (D:4)
  5 endoplasms
  5 giant cockroaches
  6 goblins
  12 hobgoblins
  9 kobolds
  A quokka (D:3)
  7 ball pythons
  5 bats
  3 frilled lizards
  6 rats
  A spectral kobold (D:2)
74 creatures vanquished.

Vanquished Creatures (collateral kills)
  An ice beast (D:4)
  A water moccasin skeleton (D:4)
  A hound (D:3)
  2 gnolls (D:4)
  A worm (D:4)
  4 orcs (D:4)
  A goblin (D:4)
  A hobgoblin (D:4)
  A quokka (D:4)
13 creatures vanquished.

Grand Total: 87 creatures vanquished

Notes
Turn   | Place    | Note
-------+----------+-------------------------------------------
     0 | D:1      | 101zpm the Djinni Hedge Wizard began the quest for the Orb.
     0 | D:1      | Reached XP level 1. HP: 15/15 MP: 0/0
   398 | D:1      | Reached XP level 2. HP: 1/21 MP: 0/0
  1025 | D:1      | Reached skill level 3 in Spellcasting
  1308 | D:1      | Reached XP level 3. HP: 24/25 MP: 0/0
  1308 | D:1      | Learned a level 1 spell: Summon Small Mammal
  1350 | D:1      | Found Everu's Armour Emporium.
  2196 | D:2      | Reached XP level 4. HP: 29/31 MP: 0/0
  2586 | D:2      | Found a faded altar of an unknown god.
  2894 | D:3      | Reached XP level 5. HP: 10/35 MP: 0/0
  2894 | D:3      | Learned a level 2 spell: Corpse Rot
  3189 | D:3      | Identified the +1 robe of Defiance {Stlth+}
  3929 | D:4      | Noticed an ice beast
  3946 | D:3      | Reached skill level 4 in Spellcasting
  4465 | D:4      | Reached skill level 1 in Fighting
  4465 | D:4      | Reached XP level 6. HP: 38/42 MP: 0/0
  4623 | D:4      | Noticed an ogre
  4634 | D:4      | Killed an ogre
  5619 | D:4      | Killed an ice beast
  5620 | D:4      | Reached XP level 7. HP: 16/47 MP: 0/0
  5620 | D:4      | Learned a level 2 spell: Scorch
  6081 | D:4      | Reached skill level 5 in Spellcasting
  6261 | D:4      | Found a staircase to the Ecumenical Temple.
  6536 | D:4      | Killed from afar by an orc priest

Illustrated notes

Levels and vault maps discovered:
D:1:      dpeg_arrival_yet_another_circle, layout_loops_ring, serial_shops,
          shop_fountains
D:2:      layout_rooms, dreamdust_ecumenical_altar_drowned_temple
D:3:      layout_basic
D:4:      layout_gridville, minmay_temple_entry_ruins

Skill      XL: |  1  2  3  4  5  6  7 |
---------------+----------------------+-----
Spellcasting   | 3 4 5 |  5.0
Stealth        | 2 |  2.4
Dodging        | 3 |  3.4
Fighting       | 1 |  1.2
Maces & Flails | |  0.7
Staves         | |  0.3

Action                   |  1- 3 |  4- 6 |  7- 9 || total
-------------------------+-------+-------+-------++-------
Melee: Staff             |    26 |       |       ||    26
       Punch             |     1 |     1 |       ||     2
       Dagger            |     1 |       |       ||     1
       Mace              |       |    42 |       ||    42
 Cast: Magic Dart        |    75 |    99 |    30 ||   204
       Summon Small Mamm |       |    16 |     8 ||    24
       Call Imp          |       |     5 |     3 ||     8
       Conjure Flame     |       |     1 |       ||     1
       Mephitic Cloud    |       |       |     2 ||     2
 Stab: Sleeping          |     1 |     1 |       ||     2
Armor: Robe              |     4 |    17 |     3 ||    24
Dodge: Dodged            |    19 |    56 |     8 ||    83
